 Dungeon Sprint DCSS version 0.18-a0-1577-gf591c28 (webtiles) character file.

2885 pipel the Cleaver (level 9, 0/98 HPs)
             Began as a Deep Dwarf Berserker on Mar 19, 2016.
             Was a High Priest of Trog.
             Slain by a phantom (5 damage)
             ... in the Dungeon (Sprint VII: "The Pits").
             The game lasted 00:06:36 (502 turns).

pipel the Cleaver (Deep Dwarf Berserker)             Turns: 502, Time: 00:06:36

Health: 0/98       AC: 20    Str: 24    XL:     9   Next: 48%
Magic:  11/11      EV: 12    Int:  8    God:    Trog [*****.]
Gold:   0          SH:  0    Dex: 12    Spells: 0 memorised, 8 levels left

rFire  . . .     SeeInvis .     a - +1 broad axe (freeze)
rCold  . . .     Gourm    .     E - +2 plate armour
rNeg   . . .     Faith    .     (no shield)
rPois  .         Spirit   .     y - +0 helmet
rElec  .         Dismiss  .     B - +0 cloak
rCorr  .         Reflect  .     A - +0 pair of gloves
SustAt .         Harm     .     z - +0 pair of boots
MR     +++..     NoTele   +     (no amulet)
Stlth  ..........               (no ring)
                                (no ring)

@: exhausted, non-regenerating, slowed, very slow, extremely resistant to
hostile enchantments, extremely unstealthy
A: damage resistance, recharge devices, sense surroundings 2, slow regeneration
3
a: Device Recharging, Berserk, Trog's Hand, Brothers in Arms, Burn Spellbooks,
Renounce Religion


You were in the Dungeon.
You worshipped Trog.
Trog was extremely pleased with you.
You were very hungry.

You visited 1 branch

Inventory:

Hand Weapons
 a - a +1 broad axe of freezing (weapon)
 f - a +2 hand axe
 p - a +4 arbalest of flaming
 x - a +0 hand axe
 D - the +6 longbow "Rotioc" {velocity, rElec rPois rC- Int+2}
   (Trog gifted it to you in the Dungeon)

   Any arrow fired from it inflicts extra damage.
   It affects your intelligence (+2).
   It makes you vulnerable to cold.
   It insulates you from electricity.
   It protects you from poison.
Missiles
 m - 10 stones (quivered)
Armour
 b - a +0 animal skin
 y - a +0 helmet (worn)
 z - a +0 pair of boots (worn)
 A - a +0 pair of gloves (worn)
 B - a +0 cloak (worn)
 E - a +2 plate armour (worn)
Jewellery
 t - a +3 ring of strength
 u - a +3 ring of protection
Wands
 c - a wand of heal wounds (2/9)
Scrolls
 j - a scroll of blinking
 n - 3 scrolls of remove curse
 o - a scroll of summoning
Potions
 e - 7 potions of curing
 h - 4 potions of magic
 i - 4 potions of berserk rage
 l - 2 potions of invisibility
 r - 2 potions of haste
 s - a potion of agility
 v - 2 potions of might
 w - a potion of brilliance
 C - 5 potions of heal wounds
Comestibles
 d - 8 bread rations
 g - 40 fruits
 k - 7 meat rations
 q - 2 chunks of flesh


   Skills:
 + Level 12.1 Fighting
 + Level 12.8 Axes
 + Level 6.5 Armour
 + Level 12.7 Dodging
 + Level 4.9 Evocations


You had 8 spell levels left.
You didn't know any spells.

Dungeon Overview and Level Annotations

Branches:
Dungeon (1/1)

Altars:


Innate Abilities, Weirdness & Mutations

You are resistant to damage.
You can recharge devices by infusing magical energy.
You passively map the area around you.
You do not regenerate naturally.


Message History

You feel as though you will be slow longer.
The freezing wraith hits you but does no damage. x2
You take 10 damage, and have 4/147 hp.
You slash something! You freeze something. You slash the freezing wraith!
You destroy the freezing wraith!
Your Dodging skill increases to level 12!
Something barely misses you.
Unknown command.
You slice something!! You freeze something.
Reactivating autopickup.
Your Fighting skill increases to level 12!
Your Armour skill increases to level 6!
You feel a bit more experienced.
You hit the phantom.
The phantom is severely damaged.
You are no longer berserk.
You are exhausted.
You feel as though you will be slow longer.
You are feeling very hungry.
The phantom hits you.
You die...

..##......# * , , **
..###....## #### , *
* ..# ##''## ###..+ ,
, , ,
..###(...###(...# +*
, , ..##......#....#
, * ,
####......(....+,, +
,+, ,,,
####.....(#)...## *
,, ,
..###....###....##+##
, ..# ##')##
###..@W..+ , , ,
))#*#..).# ####4..# *
* .)##......#
*#.......#* *
))##......#
#.o.o.....#* , ,
###########
########### * *


You could see an ice devil, a phantom and an orc sorcerer.

Vanquished Creatures
  2 shadow wraiths (D)
  A deep elf mage (D)
  A freezing wraith (D)
  A flying skull (D)
  A spriggan (D)
  A wraith (D)
  A porcupine (D)
  A necrophage (D)
  An ogre (D)
  A wolf (D)
  A giant frog (D)
  A quasit (D)
  An orc wizard (D)
  An orc priest (D)
  A worker ant (D)
  5 sheep (D)
  2 ufetubi (D)
  2 oozes (D)
  3 orcs (D)
  A bat (D)
  A bat skeleton (D)
  A hobgoblin (D)
  2 jackals (D)
  A goblin (D)
  2 rats (D)
36 creatures vanquished.

Vanquished Creatures (collateral kills)
  A molten gargoyle (D)
  2 centaurs (D)
  An iguana (D)
  A river rat (D)
5 creatures vanquished.

Grand Total: 41 creatures vanquished

Notes
Turn   | Place    | Note
--------------------------------------------------------------
     0 | D        | pipel the Deep Dwarf Berserker began the quest for the Orb.
     0 | D        | Reached XP level 1. HP: 20/20 MP: 1/1
    16 | D        | Noticed a necrophage
    16 | D        | Noticed a sheep
    16 | D        | Noticed a sheep
    16 | D        | Noticed a sheep
    16 | D        | Noticed a sheep
    16 | D        | Noticed a sheep
    19 | D        | Noticed a deep elf mage
    38 | D        | Killed a necrophage
    38 | D        | Reached skill level 5 in Fighting
    38 | D        | Reached XP level 2. HP: 20/33 MP: 2/2
    38 | D        | Reached XP level 3. HP: 24/40 MP: 3/3
    38 | D        | Reached XP level 4. HP: 28/48 MP: 4/4
    85 | D        | Reached ** piety under Trog
    85 | D        | Reached XP level 5. HP: 33/56 MP: 5/5
    96 | D        | Killed a deep elf mage
    96 | D        | Reached *** piety under Trog
    96 | D        | Reached skill level 10 in Axes
    96 | D        | Reached XP level 6. HP: 44/69 MP: 5/7
    96 | D        | Reached XP level 7. HP: 48/76 MP: 5/8
   162 | D        | Reached **** piety under Trog
   163 | D        | Reached skill level 5 in Armour
   169 | D        | Reached ***** piety under Trog
   176 | D        | Reached skill level 10 in Fighting
   197 | D        | Received a gift from Trog
   202 | D        | Noticed a wraith
   215 | D        | Killed a wraith
   215 | D        | Reached XP level 8. HP: 87/87 MP: 9/9
   229 | D        | Noticed a flying skull
   246 | D        | Killed a flying skull
   253 | D        | Reached skill level 10 in Dodging
   261 | D        | Noticed a molten gargoyle
   270 | D        | Killed a molten gargoyle
   397 | D        | Received a gift from Trog
   398 | D        | Got a crystal longbow {god gift}
   399 | D        | Identified the +6 longbow "Rotioc" {velocity, rElec rPois rC- Int+2} (Trog gifted it to you in the Dungeon)
   467 | D        | Killed a shadow wraith
   467 | D        | Gained mutation: You passively map the area around you. [Deep Dwarf growth]
   467 | D        | Reached XP level 9. HP: 33/97 MP: 11/11
   491 | D        | Noticed a freezing wraith
   491 | D        | Noticed an orc sorcerer
   500 | D        | Noticed an ice devil
   500 | D        | HP: 4/147 [something (11)]
   501 | D        | Killed a freezing wraith
   502 | D        | Killed a shadow wraith
   502 | D        | Slain by a phantom

Vault maps used:
D:        pitsprint

Skill      XL: |  1  2  3  4  5  6  7  8  9 |
---------------+----------------------------+-----
Fighting       | 5 6 9 10 11 12 | 12.1
Axes           | 6 7 10 11 12 | 12.8
Armour         | 3 4 5 6 |  6.5
Dodging        | 3 4 7 9 11 12 | 12.7
Evocations     | 2 3 4 |  4.9

Action                   |  1- 3 |  4- 6 |  7- 9 || total
-------------------------+-------+-------+-------++-------
Melee: Hand axe          |    10 |    38 |    63 ||   111
       Broad axe         |       |       |    31 ||    31
Invok: Berserk           |     1 |       |     4 ||     5
       Trog's Hand       |       |     1 |     4 ||     5
       Brothers in Arms  |       |       |     2 ||     2
 Abil: Device Recharging |       |       |     1 ||     1
Evoke: Wand              |       |     4 |     4 ||     8
  Use: Potion            |       |     2 |       ||     2
  Eat: Chunk             |       |       |     4 ||     4
